Saguenéens vs Senators
Created - March 13, 2020 at 19:39
Goals
|
| Saguenéens |
1 |
1 |
1 |
0 |
2 |
4 |
| Senators |
1 |
0 |
2 |
0 |
0 |
3 |
|
Shots
|
| Saguenéens |
21 |
8 |
13 |
2 |
3 |
44 |
| Senators |
13 |
9 |
11 |
0 |
2 |
33 |
|
1st period
1. Senators , Tomas Jurco 25 (Jan Mursak 29, Keegan Lowe 27) at 2:58
2. Saguenéens , Mason Raymond 40 (Garnet Hathaway 24, Aleksander Barkov 38) at 7:31
Penalties :
Keegan Lowe (BIN) for Charging (Minor) at 7:34
2nd period
3. Saguenéens , Mark Stone 15 (Juraj Mikus 10) at 15:43
Penalties :
Brett Bulmer (BIN) for Cross-checking (Minor) at 1:17, Jack Dougherty (BIN) for Roughing (Minor) at 4:10, Mason Raymond (Chi) for Tripping (Minor) at 13:34
3rd period
4. Saguenéens , Mark Stone 16 (Mason Raymond 35) at 13:07
5. Senators , Nick Foligno 48 (Matt Frattin 55, Adam Ollas-Mattsson 9) at 16:37
6. Senators , Zemgus Girgensons 14 (Nick Foligno 39, Matt Frattin 56) at 17:43
Penalties :
Seth Helgeson (Chi) for Interference (Minor) at 17:46
Overtime #1
No Goal
Penalties :
No Penalty
Shootout
Saguenéens, Garnet Hathaway - Stopped by Justin Peters
Senators, Nick Foligno - Stopped by Joe Cannata
Saguenéens, Mason Raymond - Goal!
Senators, Jan Mursak - Stopped by Joe Cannata
Saguenéens, Mark Stone - Goal!
Penalties :
No Penalty
Goalie Stats
Joe Cannata (Chi), 30 saves from 33 shots - (0.909), W, 22-17-4, 65:00 minutes
Justin Peters (BIN), 41 saves from 44 shots - (0.932), OTL, 23-19-3, 65:00 minutes
Players Stats for Saguenéens
Player Name G A P +/- PIM S H SB GA TA FO MP PP MP PK MP
------------------------------------------------------------------------------------
Aleksander Barkov 0 1 1 0 0 3 3 2 1 0 16/39 20:19 3:08 0:00
Carl Hagelin 0 0 0 2 0 2 2 1 1 0 0/1 17:45 2:40 0:51
Craig Cunningham 0 0 0 -2 0 0 1 0 0 0 0/0 13:55 0:09 0:54
Duncan Siemens 0 0 0 0 0 0 3 0 0 0 0/0 11:23 0:00 0:00
Garnet Hathaway 0 1 1 0 0 5 1 0 1 0 5/10 24:57 3:08 2:08
Henrik Samuelsson 0 0 0 -2 0 3 2 0 1 0 5/6 12:08 0:00 0:38
Jake McCabe 0 0 0 -1 0 3 0 1 2 0 0/0 30:22 3:50 2:20
Julius Honka 0 0 0 0 0 0 0 0 0 0 0/0 12:55 0:00 1:21
Juraj Mikus 0 1 1 2 0 4 3 0 1 1 6/13 15:14 2:40 0:00
Mark Stone 2 0 2 2 0 8 2 1 1 1 1/1 17:31 2:40 0:45
Mason Raymond 1 1 2 0 2 5 1 1 0 0 3/4 24:06 3:08 1:11
Mike Amadio 0 0 0 0 0 0 1 0 0 0 0/2 8:28 0:00 0:00
Nick Mattson 0 0 0 1 0 1 2 1 1 0 0/0 23:18 2:07 1:38
Nikita Scherbak 0 0 0 0 0 1 0 0 0 0 0/0 8:28 0:00 0:00
Patrick Sieloff 0 0 0 1 0 2 1 0 0 1 0/0 23:18 2:07 1:38
Rhett Rakhshani 0 0 0 -2 0 1 0 0 0 1 0/1 12:48 0:09 0:48
Seth Helgeson 0 0 0 -1 2 4 0 0 0 2 0/0 28:57 3:50 0:59
Teemu Pulkkinen 0 0 0 0 0 2 2 1 0 0 0/0 10:08 0:09 0:41
Players Stats for Senators
Player Name G A P +/- PIM S H SB GA TA FO MP PP MP PK MP
------------------------------------------------------------------------------------
Adam Ollas-Mattsson 0 1 1 -1 0 0 0 0 0 2 0/0 13:38 0:00 1:52
Andy Andreoff 0 0 0 -1 0 3 4 1 1 0 0/0 15:58 0:00 2:19
Blake Coleman 0 0 0 0 0 0 0 0 0 0 2/5 6:49 0:00 0:00
Brett Bulmer 0 0 0 0 2 0 2 0 0 1 0/0 6:50 0:00 0:00
Chandler Stephenson 0 0 0 -1 0 1 4 0 0 0 8/13 15:08 1:50 0:00
Dylan Blujus 0 0 0 2 0 0 2 4 0 0 0/0 30:27 2:13 3:35
Grant Besse 0 0 0 -1 0 3 0 0 1 2 0/0 11:32 0:00 0:00
Jack Dougherty 0 0 0 -1 2 1 1 0 0 0 0/0 22:21 1:45 1:29
Jake Evans 0 0 0 -1 0 1 1 0 0 0 4/6 11:32 0:00 0:00
Jan Mursak 0 1 1 -1 0 3 1 1 2 2 0/0 21:02 1:50 3:17
Keegan Lowe 0 1 1 2 2 0 2 1 0 1 0/0 29:15 2:13 2:24
Mason Geertsen 0 0 0 -1 0 0 0 0 0 0 0/0 12:04 0:00 0:12
Matt Frattin 0 2 2 2 0 8 1 0 1 0 0/2 22:33 2:08 1:39
Maxim Letunov 0 0 0 0 0 0 0 0 0 0 0/0 0:52 0:09 0:00
Nick Foligno 1 1 2 2 0 5 2 0 0 0 7/14 25:41 1:59 3:17
Patrick Maroon 0 0 0 0 0 1 1 0 0 0 0/0 8:41 0:00 0:58
Scott Harrington 0 0 0 -1 0 0 2 1 1 1 0/0 23:21 1:45 2:22
Tomas Jurco 1 0 1 -1 0 4 3 1 0 0 0/0 15:08 1:50 0:00
Warren Foegele 0 0 0 0 0 0 0 0 0 0 0/0 1:38 0:09 0:09
Zemgus Girgensons 1 0 1 2 0 3 0 0 0 0 20/37 19:30 1:59 0:15
3 Stars
1 - Mark Stone (Chi)
2 - Nick Foligno (BIN)
3 - Matt Frattin (BIN)
Power Play
Saguenéens - 0 on 3 Attempt(s) - 0.00%
Senators - 0 on 2 Attempt(s) - 0.00%
Penalty Kill
Saguenéens - 2 on 2 Attempt(s) - 100.00%
- Score 0 goal in Penalty Kill
Senators - 3 on 3 Attempt(s) - 100.00%
- Score 0 goal in Penalty Kill
Team Stat
Saguenéens - Hits : 24 - Faceoff Wins : 36 - Blocked Shots : 8 - Penalty Minutes : 4
Senators - Hits : 26 - Faceoff Wins : 41 - Blocked Shots : 9 - Penalty Minutes : 6
Official
Referees : Unknown
Linesman : Unknown
Game Notes
No Game Note
Finance
Level 1 -- Attendance: 1869 (93.45%) -- Ticket Income $61,677
Level 2 -- Attendance: 884 (88.40%) -- Ticket Income $13,260
Total Attendance: 2753 (91.77%)
Total Ticket Income: $74,937
Other Income: $3,747
Total Income: $78,684
Saguenéens
5 vs 5 Forward
Center Left Wing Right Wing Time % Phy DF OF
1 Aleksander Barkov Mason Raymond Garnet Hathaway 40 1 2 2
2 Juraj Mikus Carl Hagelin Mark Stone 30 1 2 2
3 Henrik Samuelsson Craig Cunningham Rhett Rakhshani 20 1 2 2
4 Mike Amadio Teemu Pulkkinen Nikita Scherbak 10 1 2 2
5 vs 5 Defense
Defense Defense Time % Phy DF OF
1 Jake McCabe Seth Helgeson 40 1 2 2
2 Nick Mattson Patrick Sieloff 30 1 2 2
3 Duncan Siemens Julius Honka 20 1 2 2
4 Jake McCabe Seth Helgeson 10 1 2 2
PowerPlay Forward
Center Left Wing Right Wing Time % Phy DF OF
1 Aleksander Barkov Mason Raymond Garnet Hathaway 60 1 2 2
2 Juraj Mikus Carl Hagelin Mark Stone 40 1 2 2
PowerPlay Defense
Defense Defense Time % Phy DF OF
1 Jake McCabe Seth Helgeson 60 1 2 2
2 Nick Mattson Patrick Sieloff 40 1 2 2
Penalty Kill 4 Players Forward
Center Wing Time % Phy DF OF
1 Garnet Hathaway Mason Raymond 60 1 2 2
2 Mark Stone Carl Hagelin 40 1 2 2
Penalty Kill 4 Players Defense
Defense Defense Time % Phy DF OF
1 Jake McCabe Seth Helgeson 60 1 2 2
2 Nick Mattson Patrick Sieloff 40 1 2 2
Penalty Kill - 3 Players Forward
Forward Time % Phy DF OF
1 Garnet Hathaway 60 1 2 2
2 Mason Raymond 40 1 2 2
Penalty Kill - 3 Players Defense
Defense Defense Time % Phy DF OF
1 Jake McCabe Seth Helgeson 60 1 2 2
2 Nick Mattson Patrick Sieloff 40 1 2 2
4 vs 4 Forward
Center Wing Time % Phy DF OF
1 Garnet Hathaway Mason Raymond 60 1 2 2
2 Mark Stone Carl Hagelin 40 1 2 2
4 vs 4 Defense
Defense Defense Time % Phy DF OF
1 Jake McCabe Seth Helgeson 60 1 2 2
2 Nick Mattson Patrick Sieloff 40 1 2 2
Last Minutes Offensive
Center Left Wing Right Wing Defense Defense
Aleksander Barkov Mason Raymond Garnet Hathaway Jake McCabe Seth Helgeson
Last Minutes Defensive
Center Left Wing Right Wing Defense Defense
Aleksander Barkov Mason Raymond Garnet Hathaway Jake McCabe Seth Helgeson
Goaltenders
Starting : Joe Cannata
Backup : Tyler Beskorowany
Extra Forwards
Normal : Craig Cunningham, Teemu Pulkkinen, Rhett Rakhshani - PP : Craig Cunningham, Teemu Pulkkinen - PK : Rhett Rakhshani
Extra Defensemen
Normal : Duncan Siemens, Julius Honka, Nick Mattson - PP : Duncan Siemens - PK : Julius Honka, Nick Mattson
Penalty Shots
Garnet Hathaway, Mason Raymond, Mark Stone, Carl Hagelin, Aleksander Barkov
Scratches
Mikhail Grigorenko (Healthy), Tanner Richard (Healthy), Myles Bell (Healthy), Dylan Labbe (Healthy), Adam Erne (Healthy)
Nick Paul (Healthy), Mattias Janmark (Healthy), Robert Hagg (Right Eye Injury), Alexander Wennberg (Torn Left Knee Ligaments Injury), Calle Andersson (Healthy)
Clark Bishop (Healthy), JJ. Piccinich (Healthy), Michael Giugovaz (Healthy)
Senators
5 vs 5 Forward
Center Left Wing Right Wing Time % Phy DF OF
1 Zemgus Girgensons Nick Foligno Matt Frattin 40 1 2 2
2 Chandler Stephenson Jan Mursak Tomas Jurco 30 1 2 2
3 Jake Evans Andy Andreoff Grant Besse 20 1 2 2
4 Blake Coleman Patrick Maroon Brett Bulmer 10 1 2 2
5 vs 5 Defense
Defense Defense Time % Phy DF OF
1 Keegan Lowe Dylan Blujus 40 1 2 2
2 Scott Harrington Jack Dougherty 30 1 2 2
3 Mason Geertsen Adam Ollas-Mattsson 20 1 2 2
4 Keegan Lowe Dylan Blujus 10 1 2 2
PowerPlay Forward
Center Left Wing Right Wing Time % Phy DF OF
1 Zemgus Girgensons Nick Foligno Matt Frattin 60 1 2 2
2 Chandler Stephenson Jan Mursak Tomas Jurco 40 1 2 2
PowerPlay Defense
Defense Defense Time % Phy DF OF
1 Keegan Lowe Dylan Blujus 60 1 2 2
2 Scott Harrington Jack Dougherty 40 1 2 2
Penalty Kill 4 Players Forward
Center Wing Time % Phy DF OF
1 Nick Foligno Jan Mursak 60 1 2 2
2 Matt Frattin Andy Andreoff 40 1 2 2
Penalty Kill 4 Players Defense
Defense Defense Time % Phy DF OF
1 Keegan Lowe Dylan Blujus 60 1 2 2
2 Scott Harrington Jack Dougherty 40 1 2 2
Penalty Kill - 3 Players Forward
Forward Time % Phy DF OF
1 Nick Foligno 60 1 2 2
2 Jan Mursak 40 1 2 2
Penalty Kill - 3 Players Defense
Defense Defense Time % Phy DF OF
1 Keegan Lowe Dylan Blujus 60 1 2 2
2 Scott Harrington Jack Dougherty 40 1 2 2
4 vs 4 Forward
Center Wing Time % Phy DF OF
1 Nick Foligno Jan Mursak 60 1 2 2
2 Matt Frattin Andy Andreoff 40 1 2 2
4 vs 4 Defense
Defense Defense Time % Phy DF OF
1 Keegan Lowe Dylan Blujus 60 1 2 2
2 Scott Harrington Jack Dougherty 40 1 2 2
Last Minutes Offensive
Center Left Wing Right Wing Defense Defense
Zemgus Girgensons Nick Foligno Matt Frattin Keegan Lowe Dylan Blujus
Last Minutes Defensive
Center Left Wing Right Wing Defense Defense
Zemgus Girgensons Nick Foligno Matt Frattin Keegan Lowe Dylan Blujus
Goaltenders
Starting : Justin Peters
Backup : Keven Bouchard
Extra Forwards
Normal : Warren Foegele, Maxim Letunov, Patrick Maroon - PP : Warren Foegele, Maxim Letunov - PK : Patrick Maroon
Extra Defensemen
Normal : Mason Geertsen, Adam Ollas-Mattsson, Scott Harrington - PP : Mason Geertsen - PK : Adam Ollas-Mattsson, Scott Harrington
Penalty Shots
Nick Foligno, Jan Mursak, Matt Frattin, Andy Andreoff, Tomas Jurco
Scratches
Michal Repik (Healthy), Pontus Sjalin (Healthy), Stephon Williams (Healthy)
% Time on Ice - Saguenéens
Lines # - Real PCT - Wanted PCT - Time Play
Normal Forward
1 - 35% - 40% - 17:41
2 - 25% - 30% - 12:34
3 - 23% - 20% - 11:22
4 - 17% - 10% - 8:28
Normal Defense
1 - 39% - 40% - 19:41
2 - 35% - 30% - 17:44
3 - 22% - 20% - 10:50
4 - 4% - 10% - 1:50
PP Forward
1 - 55% - 60% - 3:17
2 - 45% - 40% - 2:40
PP Defense
1 - 64% - 60% - 3:50
2 - 36% - 40% - 2:07
PK Forward
1 - 81% - 60% - 3:13
2 - 19% - 40% - 0:45
PK Defense
1 - 59% - 60% - 2:20
2 - 41% - 40% - 1:38
PK3 Forward
1 - 0% - 60%
2 - 0% - 40%
PK3 Defense
1 - 0% - 60%
2 - 0% - 40%
44 Forward
1 - 69% - 60% - 3:28
2 - 31% - 40% - 1:32
44 Defense
1 - 64% - 60% - 3:11
2 - 36% - 40% - 1:49
Last Minute Offensive - 0:00
Last Minute Defensive - 0:00
Total
Forward - 65:00
Defense - 65:00
|
% Time on Ice - Senators
Lines # - Real PCT - Wanted PCT - Time Play
Normal Forward
1 - 37% - 40% - 18:26
2 - 27% - 30% - 13:18
3 - 23% - 20% - 11:32
4 - 14% - 10% - 6:49
Normal Defense
1 - 39% - 40% - 19:17
2 - 32% - 30% - 16:13
3 - 24% - 20% - 11:52
4 - 5% - 10% - 2:43
PP Forward
1 - 54% - 60% - 2:08
2 - 46% - 40% - 1:50
PP Defense
1 - 56% - 60% - 2:13
2 - 44% - 40% - 1:45
PK Forward
1 - 72% - 60% - 4:18
2 - 28% - 40% - 1:39
PK Defense
1 - 60% - 60% - 3:35
2 - 40% - 40% - 2:22
PK3 Forward
1 - 0% - 60%
2 - 0% - 40%
PK3 Defense
1 - 0% - 60%
2 - 0% - 40%
44 Forward
1 - 70% - 60% - 3:30
2 - 30% - 40% - 1:30
44 Defense
1 - 53% - 60% - 2:39
2 - 47% - 40% - 2:21
Last Minute Offensive - 0:00
Last Minute Defensive - 0:00
Total
Forward - 65:00
Defense - 65:00
|
Play-by-Play
1st period
0:01 of 1st period - Zemgus Girgensons wins face-off versus Aleksander Barkov in neutral zone.
0:15 of 1st period - Off-side.
0:16 of 1st period - Juraj Mikus wins face-off versus Chandler Stephenson in neutral zone.
0:41 of 1st period - Craig Cunningham is hit by Andy Andreoff and loses puck.
1:06 of 1st period - Snap shot by Aleksander Barkov.
1:06 of 1st period - Stopped by Justin Peters with a rebound.
2:26 of 1st period - Henrik Samuelsson is hit by Dylan Blujus and loses puck.
2:35 of 1st period - Wrist shot by Nick Foligno.
2:35 of 1st period - Shot Misses the Net.
2:42 of 1st period - Icing by Craig Cunningham.
2:43 of 1st period - Blake Coleman wins face-off versus Rhett Rakhshani in Saguenéens zone.
2:46 of 1st period - Wrist shot by Jan Mursak.
2:46 of 1st period - Shot Misses the Net.
2:56 of 1st period - Snap shot by Jan Mursak.
2:56 of 1st period - Shot Misses the Net.
2:58 of 1st period - Wrist shot by Tomas Jurco.
2:58 of 1st period - Goal by Tomas Jurco - Saguenéens : 0 - Senators : 1.
2:59 of 1st period - Garnet Hathaway wins face-off versus Zemgus Girgensons in neutral zone.
3:11 of 1st period - Off-side.
3:12 of 1st period - Zemgus Girgensons wins face-off versus Aleksander Barkov in neutral zone.
3:34 of 1st period - Icing by Dylan Blujus.
3:35 of 1st period - Chandler Stephenson wins face-off versus Juraj Mikus in Senators zone.
3:42 of 1st period - Slapshot by Jan Mursak.
3:42 of 1st period - Stopped by Joe Cannata with a rebound.
3:44 of 1st period - Slapshot by Keegan Lowe.
3:44 of 1st period - Shot Blocked by Carl Hagelin.
3:57 of 1st period - Icing by Jake McCabe.
3:58 of 1st period - Jake Evans wins face-off versus Juraj Mikus in Saguenéens zone.
4:01 of 1st period - Snap shot by Andy Andreoff.
4:01 of 1st period - Deflect By Grant Besse.
4:01 of 1st period - Stopped by Joe Cannata with a rebound.
4:39 of 1st period - Snap shot by Juraj Mikus.
4:39 of 1st period - Stopped by Justin Peters with a rebound.
4:49 of 1st period - Wrist shot by Carl Hagelin.
4:49 of 1st period - Deflect By Mark Stone.
4:49 of 1st period - Stopped by Justin Peters with a rebound.
4:51 of 1st period - Wrist shot by Carl Hagelin.
4:51 of 1st period - Shot Misses the Net.
4:53 of 1st period - Slapshot by Juraj Mikus.
4:53 of 1st period - Shot Misses the Net.
4:55 of 1st period - Slapshot by Jake McCabe.
4:55 of 1st period - Shot Blocked by Tomas Jurco.
4:57 of 1st period - Snap shot by Mark Stone.
4:57 of 1st period - Stopped by Justin Peters without a rebound.
4:58 of 1st period - Zemgus Girgensons wins face-off versus Aleksander Barkov in Senators zone.
4:58 of 1st period - Zemgus Girgensons is hit by Aleksander Barkov.
5:47 of 1st period - Mason Geertsen is hit by Henrik Samuelsson and loses puck.
6:06 of 1st period - Wrist shot by Garnet Hathaway.
6:06 of 1st period - Stopped by Justin Peters with a rebound.
6:52 of 1st period - Backhand shot by Matt Frattin.
6:52 of 1st period - Stopped by Joe Cannata without a rebound.
6:53 of 1st period - Zemgus Girgensons wins face-off versus Aleksander Barkov in Saguenéens zone.
6:54 of 1st period - Slapshot by Matt Frattin.
6:54 of 1st period - Stopped by Joe Cannata without a rebound.
6:55 of 1st period - Aleksander Barkov wins face-off versus Zemgus Girgensons in Saguenéens zone.
7:20 of 1st period - Seth Helgeson is hit by Chandler Stephenson and loses puck.
7:29 of 1st period - Wrist shot by Aleksander Barkov.
7:29 of 1st period - Stopped by Justin Peters with a rebound.
7:31 of 1st period - Snap shot by Garnet Hathaway.
7:31 of 1st period - Deflect By Mason Raymond.
7:31 of 1st period - Goal by Mason Raymond - Saguenéens : 1 - Senators : 1.
7:32 of 1st period - Nick Foligno wins face-off versus Juraj Mikus in neutral zone.
7:34 of 1st period - Minor Penalty to Keegan Lowe for Charging.
7:35 of 1st period - Aleksander Barkov wins face-off versus Nick Foligno in Senators zone.
8:17 of 1st period - Snap shot by Mason Raymond.
8:17 of 1st period - Deflect By Garnet Hathaway.
8:17 of 1st period - Shot Blocked by Dylan Blujus.
8:17 of 1st period - Puck is out of play.
8:18 of 1st period - Nick Foligno wins face-off versus Juraj Mikus in Senators zone.
8:18 of 1st period - Nick Foligno is hit by Nick Mattson.
8:42 of 1st period - Juraj Mikus is hit by Scott Harrington and loses puck.
8:54 of 1st period - Matt Frattin is hit by Juraj Mikus and loses puck.
9:05 of 1st period - Slapshot by Carl Hagelin.
9:05 of 1st period - Stopped by Justin Peters without a rebound.
9:06 of 1st period - Nick Foligno wins face-off versus Aleksander Barkov in Senators zone.
9:12 of 1st period - Icing by Mason Raymond.
9:13 of 1st period - Nick Foligno wins face-off versus Aleksander Barkov in Saguenéens zone.
9:14 of 1st period - Snap shot by Jan Mursak.
9:14 of 1st period - Stopped by Joe Cannata without a rebound.
9:15 of 1st period - Aleksander Barkov wins face-off versus Nick Foligno in Saguenéens zone.
9:34 of 1st period - Penalty to Keegan Lowe is over, Keegan Lowe is back on ice.
9:36 of 1st period - Wrist shot by Aleksander Barkov.
9:36 of 1st period - Stopped by Justin Peters with a rebound.
9:38 of 1st period - Wrist shot by Garnet Hathaway.
9:38 of 1st period - Shot Misses the Net.
10:00 of 1st period - Slapshot by Aleksander Barkov.
10:00 of 1st period - Shot Misses the Net.
10:02 of 1st period - Wrist shot by Aleksander Barkov.
10:02 of 1st period - Shot Misses the Net.
10:04 of 1st period - Slapshot by Jake McCabe.
10:04 of 1st period - Stopped by Justin Peters without a rebound.
10:05 of 1st period - Jake Evans wins face-off versus Juraj Mikus in Senators zone.
10:31 of 1st period - Scott Harrington is hit by Nick Mattson and loses puck.
10:38 of 1st period - Snap shot by Nikita Scherbak.
10:38 of 1st period - Stopped by Justin Peters with a rebound.
10:46 of 1st period - Snap shot by Grant Besse.
10:46 of 1st period - Shot Misses the Net.
10:56 of 1st period - Jack Dougherty is hit by Mike Amadio and loses puck.
11:05 of 1st period - Snap shot by Andy Andreoff.
11:05 of 1st period - Deflect By Grant Besse.
11:05 of 1st period - Stopped by Joe Cannata without a rebound.
11:06 of 1st period - Zemgus Girgensons wins face-off versus Aleksander Barkov in Saguenéens zone.
11:11 of 1st period - Snap shot by Nick Foligno.
11:11 of 1st period - Shot Misses the Net.
11:19 of 1st period - Wrist shot by Garnet Hathaway.
11:19 of 1st period - Stopped by Justin Peters without a rebound.
11:20 of 1st period - Chandler Stephenson wins face-off versus Aleksander Barkov in Senators zone.
11:27 of 1st period - Backhand shot by Tomas Jurco.
11:27 of 1st period - Stopped by Joe Cannata without a rebound.
11:28 of 1st period - Chandler Stephenson wins face-off versus Aleksander Barkov in Saguenéens zone.
11:37 of 1st period - Wrist shot by Jan Mursak.
11:37 of 1st period - Deflect By Tomas Jurco.
11:37 of 1st period - Shot Blocked by Jake McCabe.
11:37 of 1st period - Puck is out of play.
11:38 of 1st period - Zemgus Girgensons wins face-off versus Aleksander Barkov in Saguenéens zone.
12:09 of 1st period - Off-side.
12:10 of 1st period - Juraj Mikus wins face-off versus Zemgus Girgensons in neutral zone.
12:23 of 1st period - Slapshot by Mark Stone.
12:23 of 1st period - Shot Misses the Net.
12:25 of 1st period - Snap shot by Juraj Mikus.
12:25 of 1st period - Stopped by Justin Peters without a rebound.
12:26 of 1st period - Aleksander Barkov wins face-off versus Chandler Stephenson in Senators zone.
12:27 of 1st period - Wrist shot by Mason Raymond.
12:27 of 1st period - Stopped by Justin Peters with a rebound.
12:29 of 1st period - Slapshot by Nick Mattson.
12:29 of 1st period - Shot Blocked by Jan Mursak.
12:31 of 1st period - Slapshot by Patrick Sieloff.
12:31 of 1st period - Shot Blocked by Dylan Blujus.
12:33 of 1st period - Snap shot by Garnet Hathaway.
12:33 of 1st period - Shot Misses the Net.
12:35 of 1st period - Wrist shot by Garnet Hathaway.
12:35 of 1st period - Stopped by Justin Peters with a rebound.
12:37 of 1st period - Slapshot by Mason Raymond.
12:37 of 1st period - Stopped by Justin Peters without a rebound.
12:38 of 1st period - Aleksander Barkov wins face-off versus Zemgus Girgensons in Senators zone.
12:50 of 1st period - Slapshot by Jake McCabe.
12:50 of 1st period - Stopped by Justin Peters without a rebound.
12:51 of 1st period - Juraj Mikus wins face-off versus Zemgus Girgensons in Senators zone.
13:00 of 1st period - Slapshot by Carl Hagelin.
13:00 of 1st period - Stopped by Justin Peters with a rebound.
13:26 of 1st period - Snap shot by Nick Foligno.
13:26 of 1st period - Deflect By Zemgus Girgensons.
13:26 of 1st period - Shot Misses the Net.
13:26 of 1st period - Puck is out of play.
13:27 of 1st period - Chandler Stephenson wins face-off versus Aleksander Barkov in Saguenéens zone.
14:03 of 1st period - Juraj Mikus is hit by Andy Andreoff and loses puck.
14:16 of 1st period - Brett Bulmer is hit by Craig Cunningham and loses puck.
14:25 of 1st period - Wrist shot by Rhett Rakhshani.
14:25 of 1st period - Shot Misses the Net.
14:27 of 1st period - Snap shot by Nick Mattson.
14:27 of 1st period - Stopped by Justin Peters with a rebound.
15:03 of 1st period - Mason Raymond is hit by Tomas Jurco and loses puck.
15:22 of 1st period - Snap shot by Seth Helgeson.
15:22 of 1st period - Shot Misses the Net.
15:24 of 1st period - Slapshot by Seth Helgeson.
15:24 of 1st period - Stopped by Justin Peters without a rebound.
15:25 of 1st period - Zemgus Girgensons wins face-off versus Aleksander Barkov in Senators zone.
15:32 of 1st period - Slapshot by Nick Foligno.
15:32 of 1st period - Shot Misses the Net.
15:34 of 1st period - Slapshot by Matt Frattin.
15:34 of 1st period - Stopped by Joe Cannata with a rebound.
15:36 of 1st period - Wrist shot by Nick Foligno.
15:36 of 1st period - Stopped by Joe Cannata without a rebound.
15:37 of 1st period - Aleksander Barkov wins face-off versus Zemgus Girgensons in Saguenéens zone.
16:07 of 1st period - Nick Mattson is hit by Chandler Stephenson and loses puck.
17:25 of 1st period - Snap shot by Andy Andreoff.
17:25 of 1st period - Stopped by Joe Cannata with a rebound.
17:30 of 1st period - Off-side.
17:31 of 1st period - Zemgus Girgensons wins face-off versus Aleksander Barkov in neutral zone.
17:56 of 1st period - Patrick Sieloff is hit by Patrick Maroon and loses puck.
18:05 of 1st period - Snap shot by Patrick Maroon.
18:05 of 1st period - Stopped by Joe Cannata with a rebound.
18:07 of 1st period - Snap shot by Scott Harrington.
18:07 of 1st period - Shot Misses the Net.
18:09 of 1st period - Wrist shot by Brett Bulmer.
18:09 of 1st period - Shot Misses the Net.
18:48 of 1st period - Icing by Mason Geertsen.
18:49 of 1st period - Zemgus Girgensons wins face-off versus Aleksander Barkov in Senators zone.
18:58 of 1st period - Snap shot by Matt Frattin.
18:58 of 1st period - Shot Misses the Net.
19:00 of 1st period - Slapshot by Adam Ollas-Mattsson.
19:00 of 1st period - Deflect By Nick Foligno.
19:00 of 1st period - Shot Misses the Net.
19:00 of 1st period - Puck is out of play.
19:01 of 1st period - Chandler Stephenson wins face-off versus Garnet Hathaway in Saguenéens zone.
19:02 of 1st period - Wrist shot by Tomas Jurco.
19:02 of 1st period - Stopped by Joe Cannata with a rebound.
19:56 of 1st period - Wrist shot by Craig Cunningham.
19:56 of 1st period - Deflect By Rhett Rakhshani.
19:56 of 1st period - Stopped by Justin Peters without a rebound.
19:57 of 1st period - Aleksander Barkov wins face-off versus Zemgus Girgensons in Senators zone.
Goals for this period are 1 for Saguenéens vs 1 for Senators.
Shots for this period are 21 for Saguenéens vs 13 for Senators.
2nd period
0:01 of 2nd period - Zemgus Girgensons wins face-off versus Aleksander Barkov in neutral zone.
0:04 of 2nd period - Garnet Hathaway is hit by Matt Frattin and loses puck.
0:13 of 2nd period - Snap shot by Matt Frattin.
0:13 of 2nd period - Stopped by Joe Cannata with a rebound.
0:15 of 2nd period - Snap shot by Matt Frattin.
0:15 of 2nd period - Stopped by Joe Cannata with a rebound.
0:52 of 2nd period - Slapshot by Henrik Samuelsson.
0:52 of 2nd period - Shot Blocked by Scott Harrington.
0:55 of 2nd period - Icing by Patrick Maroon.
0:56 of 2nd period - Mason Raymond wins face-off versus Blake Coleman in Senators zone.
1:17 of 2nd period - Minor Penalty to Brett Bulmer for Cross-checking.
1:18 of 2nd period - Aleksander Barkov wins face-off versus Nick Foligno in Senators zone.
3:17 of 2nd period - Penalty to Brett Bulmer is over, Brett Bulmer is back on ice.
3:46 of 2nd period - Adam Ollas-Mattsson is hit by Teemu Pulkkinen and loses puck.
3:58 of 2nd period - Off-side.
3:59 of 2nd period - Jake Evans wins face-off versus Mike Amadio in neutral zone.
4:10 of 2nd period - Minor Penalty to Jack Dougherty for Roughing.
4:11 of 2nd period - Aleksander Barkov wins face-off versus Nick Foligno in Senators zone.
4:47 of 2nd period - Snap shot by Carl Hagelin.
4:47 of 2nd period - Deflect By Juraj Mikus.
4:47 of 2nd period - Stopped by Justin Peters with a rebound.
6:10 of 2nd period - Penalty to Jack Dougherty is over, Jack Dougherty is back on ice.
6:29 of 2nd period - Jake McCabe is hit by Andy Andreoff and loses puck.
6:44 of 2nd period - Wrist shot by Patrick Maroon.
6:44 of 2nd period - Shot Blocked by Teemu Pulkkinen.
6:46 of 2nd period - Slapshot by Andy Andreoff.
6:46 of 2nd period - Deflect By Teemu Pulkkinen.
6:46 of 2nd period - Shot Misses the Net.
6:46 of 2nd period - Puck is out of play.
6:47 of 2nd period - Zemgus Girgensons wins face-off versus Henrik Samuelsson in Saguenéens zone.
6:58 of 2nd period - Matt Frattin is hit by Duncan Siemens and loses puck.
7:13 of 2nd period - Scott Harrington is hit by Duncan Siemens and loses puck.
7:25 of 2nd period - Off-side.
7:26 of 2nd period - Zemgus Girgensons wins face-off versus Juraj Mikus in neutral zone.
8:05 of 2nd period - Icing by Nick Mattson.
8:06 of 2nd period - Henrik Samuelsson wins face-off versus Blake Coleman in Saguenéens zone.
8:12 of 2nd period - Off-side.
8:13 of 2nd period - Henrik Samuelsson wins face-off versus Zemgus Girgensons in neutral zone.
8:15 of 2nd period - Off-side.
8:16 of 2nd period - Aleksander Barkov wins face-off versus Zemgus Girgensons in neutral zone.
9:01 of 2nd period - Slapshot by Garnet Hathaway.
9:01 of 2nd period - Stopped by Justin Peters without a rebound.
9:02 of 2nd period - Chandler Stephenson wins face-off versus Carl Hagelin in Senators zone.
9:17 of 2nd period - Wrist shot by Chandler Stephenson.
9:17 of 2nd period - Shot Blocked by Mark Stone.
9:27 of 2nd period - Craig Cunningham is hit by Keegan Lowe.
9:51 of 2nd period - Mike Amadio is hit by Andy Andreoff and loses puck.
10:08 of 2nd period - Adam Ollas-Mattsson is hit by Juraj Mikus and loses puck.
10:29 of 2nd period - Mason Raymond is hit by Jan Mursak and loses puck.
10:34 of 2nd period - Wrist shot by Jan Mursak.
10:34 of 2nd period - Stopped by Joe Cannata without a rebound.
10:35 of 2nd period - Zemgus Girgensons wins face-off versus Aleksander Barkov in Saguenéens zone.
10:44 of 2nd period - Slapshot by Seth Helgeson.
10:44 of 2nd period - Stopped by Justin Peters without a rebound.
10:45 of 2nd period - Zemgus Girgensons wins face-off versus Aleksander Barkov in Senators zone.
10:52 of 2nd period - Snap shot by Nick Foligno.
10:52 of 2nd period - Stopped by Joe Cannata without a rebound.
10:53 of 2nd period - Mason Raymond wins face-off versus Nick Foligno in Saguenéens zone.
11:36 of 2nd period - Scott Harrington is hit by Mark Stone and loses puck.
12:28 of 2nd period - Slapshot by Chandler Stephenson.
12:28 of 2nd period - Stopped by Joe Cannata without a rebound.
12:29 of 2nd period - Aleksander Barkov wins face-off versus Zemgus Girgensons in Saguenéens zone.
12:29 of 2nd period - Aleksander Barkov is hit by Dylan Blujus.
12:43 of 2nd period - Nick Mattson is hit by Nick Foligno and loses puck.
12:59 of 2nd period - Snap shot by Rhett Rakhshani.
12:59 of 2nd period - Shot Misses the Net.
13:01 of 2nd period - Wrist shot by Nick Mattson.
13:01 of 2nd period - Shot Blocked by Andy Andreoff.
13:19 of 2nd period - Duncan Siemens is hit by Brett Bulmer.
13:34 of 2nd period - Minor Penalty to Mason Raymond for Tripping.
13:35 of 2nd period - Garnet Hathaway wins face-off versus Nick Foligno in Saguenéens zone.
15:34 of 2nd period - Penalty to Mason Raymond is over, Mason Raymond is back on ice.
15:36 of 2nd period - Dylan Blujus is hit by Patrick Sieloff and loses puck.
15:41 of 2nd period - Wrist shot by Henrik Samuelsson.
15:41 of 2nd period - Stopped by Justin Peters without a rebound.
15:42 of 2nd period - Juraj Mikus wins face-off versus Jake Evans in Senators zone.
15:43 of 2nd period - Slapshot by Mark Stone.
15:43 of 2nd period - Goal by Mark Stone - Saguenéens : 2 - Senators : 1.
15:44 of 2nd period - Garnet Hathaway wins face-off versus Zemgus Girgensons in neutral zone.
15:49 of 2nd period - Wrist shot by Seth Helgeson.
15:49 of 2nd period - Stopped by Justin Peters with a rebound.
16:09 of 2nd period - Tomas Jurco is hit by Carl Hagelin and loses puck.
16:18 of 2nd period - Slapshot by Tomas Jurco.
16:18 of 2nd period - Stopped by Joe Cannata without a rebound.
16:19 of 2nd period - Aleksander Barkov wins face-off versus Zemgus Girgensons in Saguenéens zone.
16:44 of 2nd period - Scott Harrington is hit by Henrik Samuelsson and loses puck.
16:59 of 2nd period - Wrist shot by Matt Frattin.
16:59 of 2nd period - Shot Misses the Net.
17:01 of 2nd period - Slapshot by Scott Harrington.
17:01 of 2nd period - Shot Misses the Net.
17:03 of 2nd period - Snap shot by Nick Foligno.
17:03 of 2nd period - Stopped by Joe Cannata with a rebound.
17:07 of 2nd period - Slapshot by Matt Frattin.
17:07 of 2nd period - Stopped by Joe Cannata with a rebound.
17:09 of 2nd period - Slapshot by Scott Harrington.
17:09 of 2nd period - Shot Misses the Net.
17:11 of 2nd period - Snap shot by Zemgus Girgensons.
17:11 of 2nd period - Stopped by Joe Cannata with a rebound.
17:29 of 2nd period - Snap shot by Craig Cunningham.
17:29 of 2nd period - Shot Misses the Net.
18:33 of 2nd period - Jack Dougherty is hit by Duncan Siemens and loses puck.
18:44 of 2nd period - Snap shot by Henrik Samuelsson.
18:44 of 2nd period - Stopped by Justin Peters without a rebound.
18:45 of 2nd period - Chandler Stephenson wins face-off versus Mason Raymond in Senators zone.
19:23 of 2nd period - Slapshot by Mark Stone.
19:23 of 2nd period - Stopped by Justin Peters without a rebound.
19:24 of 2nd period - Blake Coleman wins face-off versus Aleksander Barkov in Senators zone.
19:39 of 2nd period - Wrist shot by Brett Bulmer.
19:39 of 2nd period - Shot Misses the Net.
Goals for this period are 1 for Saguenéens vs 0 for Senators.
Shots for this period are 8 for Saguenéens vs 9 for Senators.
3rd period
0:01 of 3rd period - Zemgus Girgensons wins face-off versus Aleksander Barkov in neutral zone.
0:12 of 3rd period - Wrist shot by Mason Raymond.
0:12 of 3rd period - Shot Misses the Net.
0:14 of 3rd period - Wrist shot by Seth Helgeson.
0:14 of 3rd period - Deflect By Mason Raymond.
0:14 of 3rd period - Stopped by Justin Peters with a rebound.
0:50 of 3rd period - Snap shot by Teemu Pulkkinen.
0:50 of 3rd period - Shot Blocked by Keegan Lowe.
0:52 of 3rd period - Slapshot by Patrick Sieloff.
0:52 of 3rd period - Stopped by Justin Peters without a rebound.
0:53 of 3rd period - Jake Evans wins face-off versus Mike Amadio in Senators zone.
1:06 of 3rd period - Slapshot by Andy Andreoff.
1:06 of 3rd period - Stopped by Joe Cannata with a rebound.
1:57 of 3rd period - Snap shot by Teemu Pulkkinen.
1:57 of 3rd period - Stopped by Justin Peters with a rebound.
1:59 of 3rd period - Snap shot by Teemu Pulkkinen.
1:59 of 3rd period - Stopped by Justin Peters with a rebound.
2:01 of 3rd period - Slapshot by Seth Helgeson.
2:01 of 3rd period - Shot Hit the Post.
2:11 of 3rd period - Wrist shot by Jake Evans.
2:11 of 3rd period - Deflect By Teemu Pulkkinen.
2:11 of 3rd period - Stopped by Joe Cannata with a rebound.
2:17 of 3rd period - Snap shot by Grant Besse.
2:17 of 3rd period - Deflect By Teemu Pulkkinen.
2:17 of 3rd period - Stopped by Joe Cannata with a rebound.
2:19 of 3rd period - Wrist shot by Andy Andreoff.
2:19 of 3rd period - Stopped by Joe Cannata without a rebound.
2:20 of 3rd period - Aleksander Barkov wins face-off versus Zemgus Girgensons in Saguenéens zone.
2:20 of 3rd period - Aleksander Barkov is hit by Keegan Lowe.
2:35 of 3rd period - Icing by Nick Foligno.
2:36 of 3rd period - Juraj Mikus wins face-off versus Zemgus Girgensons in Senators zone.
2:45 of 3rd period - Wrist shot by Juraj Mikus.
2:45 of 3rd period - Stopped by Justin Peters with a rebound.
2:57 of 3rd period - Wrist shot by Matt Frattin.
2:57 of 3rd period - Shot Misses the Net.
2:59 of 3rd period - Snap shot by Matt Frattin.
2:59 of 3rd period - Stopped by Joe Cannata without a rebound.
3:00 of 3rd period - Aleksander Barkov wins face-off versus Chandler Stephenson in Saguenéens zone.
3:00 of 3rd period - Aleksander Barkov is hit by Chandler Stephenson.
3:26 of 3rd period - Craig Cunningham is hit by Brett Bulmer and loses puck.
3:33 of 3rd period - Slapshot by Seth Helgeson.
3:33 of 3rd period - Stopped by Justin Peters without a rebound.
3:34 of 3rd period - Zemgus Girgensons wins face-off versus Juraj Mikus in Senators zone.
3:34 of 3rd period - Zemgus Girgensons is hit by Juraj Mikus.
3:40 of 3rd period - Mark Stone is hit by Nick Foligno and loses puck.
4:07 of 3rd period - Wrist shot by Garnet Hathaway.
4:07 of 3rd period - Shot Misses the Net.
4:09 of 3rd period - Wrist shot by Garnet Hathaway.
4:09 of 3rd period - Stopped by Justin Peters with a rebound.
4:25 of 3rd period - Snap shot by Henrik Samuelsson.
4:25 of 3rd period - Stopped by Justin Peters with a rebound.
5:05 of 3rd period - Wrist shot by Zemgus Girgensons.
5:05 of 3rd period - Stopped by Joe Cannata with a rebound.
5:19 of 3rd period - Chandler Stephenson is hit by Aleksander Barkov and loses puck.
5:39 of 3rd period - Icing by Grant Besse.
5:40 of 3rd period - Henrik Samuelsson wins face-off versus Jake Evans in Senators zone.
5:41 of 3rd period - Slapshot by Jake McCabe.
5:41 of 3rd period - Shot Blocked by Dylan Blujus.
6:10 of 3rd period - Wrist shot by Henrik Samuelsson.
6:10 of 3rd period - Shot Misses the Net.
7:31 of 3rd period - Off-side.
7:32 of 3rd period - Mason Raymond wins face-off versus Zemgus Girgensons in neutral zone.
7:35 of 3rd period - Zemgus Girgensons is hit by Aleksander Barkov and loses puck.
8:08 of 3rd period - Snap shot by Matt Frattin.
8:08 of 3rd period - Stopped by Joe Cannata without a rebound.
8:09 of 3rd period - Aleksander Barkov wins face-off versus Chandler Stephenson in Saguenéens zone.
8:14 of 3rd period - Aleksander Barkov is hit by Tomas Jurco.
8:18 of 3rd period - Garnet Hathaway is hit by Chandler Stephenson and loses puck.
9:00 of 3rd period - Adam Ollas-Mattsson is hit by Teemu Pulkkinen.
9:40 of 3rd period - Mason Raymond is hit by Tomas Jurco and loses puck.
11:15 of 3rd period - Mark Stone is hit by Jack Dougherty and loses puck.
12:00 of 3rd period - Icing by Brett Bulmer.
12:01 of 3rd period - Juraj Mikus wins face-off versus Blake Coleman in Senators zone.
12:24 of 3rd period - Julius Honka is hit by Jake Evans and loses puck.
13:07 of 3rd period - Slapshot by Mark Stone.
13:07 of 3rd period - Goal by Mark Stone - Saguenéens : 3 - Senators : 1.
13:08 of 3rd period - Zemgus Girgensons wins face-off versus Aleksander Barkov in neutral zone.
13:15 of 3rd period - Wrist shot by Nick Foligno.
13:15 of 3rd period - Deflect By Jake McCabe.
13:15 of 3rd period - Shot Misses the Net.
13:15 of 3rd period - Puck is out of play.
13:16 of 3rd period - Zemgus Girgensons wins face-off versus Aleksander Barkov in Saguenéens zone.
13:45 of 3rd period - Wrist shot by Juraj Mikus.
13:45 of 3rd period - Shot Blocked by Dylan Blujus.
14:30 of 3rd period - Nikita Scherbak is hit by Scott Harrington and loses puck.
14:49 of 3rd period - Snap shot by Nick Foligno.
14:49 of 3rd period - Stopped by Joe Cannata with a rebound.
14:51 of 3rd period - Backhand shot by Jack Dougherty.
14:51 of 3rd period - Stopped by Joe Cannata with a rebound.
15:05 of 3rd period - Jan Mursak is hit by Mark Stone and loses puck.
16:22 of 3rd period - Snap shot by Tomas Jurco.
16:22 of 3rd period - Shot Blocked by Aleksander Barkov.
16:24 of 3rd period - Snap shot by Jan Mursak.
16:24 of 3rd period - Shot Blocked by Nick Mattson.
16:26 of 3rd period - Slapshot by Adam Ollas-Mattsson.
16:26 of 3rd period - Shot Blocked by Aleksander Barkov.
16:28 of 3rd period - Snap shot by Chandler Stephenson.
16:28 of 3rd period - Deflect By Garnet Hathaway.
16:28 of 3rd period - Shot Misses the Net.
16:28 of 3rd period - Puck is out of play.
16:29 of 3rd period - Aleksander Barkov wins face-off versus Zemgus Girgensons in Saguenéens zone.
16:37 of 3rd period - Wrist shot by Nick Foligno.
16:37 of 3rd period - Goal by Nick Foligno - Saguenéens : 3 - Senators : 2.
16:38 of 3rd period - Zemgus Girgensons wins face-off versus Aleksander Barkov in neutral zone.
17:03 of 3rd period - Icing by Seth Helgeson.
17:04 of 3rd period - Chandler Stephenson wins face-off versus Aleksander Barkov in Saguenéens zone.
17:17 of 3rd period - Slapshot by Garnet Hathaway.
17:17 of 3rd period - Shot Misses the Net.
17:21 of 3rd period - Wrist shot by Garnet Hathaway.
17:21 of 3rd period - Deflect By Mason Raymond.
17:21 of 3rd period - Stopped by Justin Peters with a rebound.
17:25 of 3rd period - Snap shot by Garnet Hathaway.
17:25 of 3rd period - Shot Misses the Net.
17:27 of 3rd period - Slapshot by Aleksander Barkov.
17:27 of 3rd period - Shot Misses the Net.
17:29 of 3rd period - Slapshot by Jake McCabe.
17:29 of 3rd period - Stopped by Justin Peters without a rebound.
17:30 of 3rd period - Henrik Samuelsson wins face-off versus Zemgus Girgensons in Senators zone.
17:39 of 3rd period - Wrist shot by Nick Foligno.
17:39 of 3rd period - Shot Misses the Net.
17:41 of 3rd period - Wrist shot by Nick Foligno.
17:41 of 3rd period - Shot Misses the Net.
17:43 of 3rd period - Wrist shot by Zemgus Girgensons.
17:43 of 3rd period - Goal by Zemgus Girgensons - Saguenéens : 3 - Senators : 3.
17:44 of 3rd period - Henrik Samuelsson wins face-off versus Nick Foligno in neutral zone.
17:46 of 3rd period - Minor Penalty to Seth Helgeson for Interference.
17:47 of 3rd period - Zemgus Girgensons wins face-off versus Garnet Hathaway in Saguenéens zone.
18:23 of 3rd period - Wrist shot by Chandler Stephenson.
18:23 of 3rd period - Shot Misses the Net.
18:42 of 3rd period - Icing by Scott Harrington.
18:43 of 3rd period - Garnet Hathaway wins face-off versus Chandler Stephenson in Senators zone.
19:11 of 3rd period - Snap shot by Mark Stone.
19:11 of 3rd period - Stopped by Justin Peters with a rebound.
19:13 of 3rd period - Slapshot by Patrick Sieloff.
19:13 of 3rd period - Stopped by Justin Peters with a rebound.
19:31 of 3rd period - Matt Frattin is hit by Garnet Hathaway and loses puck.
19:46 of 3rd period - Penalty to Seth Helgeson is over, Seth Helgeson is back on ice.
Goals for this period are 1 for Saguenéens vs 2 for Senators.
Shots for this period are 13 for Saguenéens vs 11 for Senators.
Overtime #1
0:01 of 1st overtime period - Nick Foligno wins face-off versus Garnet Hathaway in neutral zone.
0:06 of 1st overtime period - Snap shot by Jan Mursak.
0:06 of 1st overtime period - Shot Blocked by Mason Raymond.
1:02 of 1st overtime period - Icing by Dylan Blujus.
1:03 of 1st overtime period - Garnet Hathaway wins face-off versus Matt Frattin in Senators zone.
2:37 of 1st overtime period - Warren Foegele is hit by Carl Hagelin and loses puck.
2:42 of 1st overtime period - Snap shot by Mark Stone.
2:42 of 1st overtime period - Stopped by Justin Peters with a rebound.
2:44 of 1st overtime period - Snap shot by Mark Stone.
2:44 of 1st overtime period - Stopped by Justin Peters without a rebound.
2:45 of 1st overtime period - Nick Foligno wins face-off versus Garnet Hathaway in Senators zone.
2:59 of 1st overtime period - Icing by Duncan Siemens.
3:00 of 1st overtime period - Nick Foligno wins face-off versus Garnet Hathaway in Saguenéens zone.
3:20 of 1st overtime period - Off-side.
3:21 of 1st overtime period - Mark Stone wins face-off versus Matt Frattin in neutral zone.
3:51 of 1st overtime period - Jan Mursak is hit by Mason Raymond and loses puck.
Goals for this period are 0 for Saguenéens vs 0 for Senators.
Shots for this period are 2 for Saguenéens vs 0 for Senators.
ShootOut
5:00 of 1st overtime period - Round #1.
5:00 of 1st overtime period - Saguenéens, Garnet Hathaway.
5:00 of 1st overtime period - Snap shot by Garnet Hathaway.
5:00 of 1st overtime period - Stopped by Justin Peters.
5:00 of 1st overtime period - Senators, Nick Foligno.
5:00 of 1st overtime period - Deke by Nick Foligno.
5:00 of 1st overtime period - Stopped by Joe Cannata.
5:00 of 1st overtime period - Round #2.
5:00 of 1st overtime period - Saguenéens, Mason Raymond.
5:00 of 1st overtime period - Wrist shot by Mason Raymond.
5:00 of 1st overtime period - Goal by Mason Raymond.
5:00 of 1st overtime period - Senators, Jan Mursak.
5:00 of 1st overtime period - Deke by Jan Mursak.
5:00 of 1st overtime period - Stopped by Joe Cannata.
5:00 of 1st overtime period - Round #3.
5:00 of 1st overtime period - Saguenéens, Mark Stone.
5:00 of 1st overtime period - Backhand shot by Mark Stone.
5:00 of 1st overtime period - Goal by Mark Stone.
Back to the Top